 Dungeon Crawl Stone Soup version 0.31.0-11-ge490571c62 (webtiles) character file.

Game seed: 13469767344534370638

146 fozzywoppz the Trooper (level 5, -9/47 HPs)
             Began as a Minotaur Fighter on Feb 2, 2024.
             Mangled by an ogre
             ... wielding a +0 giant spiked club
              (19 damage)
             ... on level 3 of the Dungeon on Feb 6, 2024.
             The game lasted 00:03:21 (1652 turns).

fozzywoppz the Trooper (Minotaur Fighter)           Turns: 1652, Time: 00:03:22

Health: -9/47      AC: 13    Str: 20    XL:     5   Next: 7%
Magic:  4/4        EV:  5    Int:  5    God:
Gold:   118        SH:  5    Dex: 12    Spells: 4/4 levels left

rFire   . . .        a - +0 flail
rCold   . . .        c - +0 buckler
rNeg    . . .        j - +0 plate armour
rPois   .            (helmet restricted)
rElec   .            (no cloak)
rCorr   .            (no gloves)
SInv    .            r - +0 pair of boots
Will    .....        (no amulet) Stlth
                     (no ring)
HPRegen 0.27/turn    (no ring)
MPRegen 0.09/turn

%: no passive effects
@: mighty
A: horns 2, retaliatory headbutt
a: no special abilities


You were on level 3 of the Dungeon.
You visited 1 branch of the dungeon, and saw 5 of its levels.

You collected 138 gold pieces.
You spent 20 gold pieces at shops.

Inventory:

Hand Weapons
 a - a +0 flail (weapon)
Armour
 c - a +0 buckler (worn)
 j - a +0 plate armour (worn)
 r - a +0 pair of boots (worn)
Jewellery
 e - a ring of flight
 i - a +6 ring of intelligence
Scrolls
 b - a scroll of torment {unknown}
 f - 2 scrolls of teleportation {unknown}
 h - 6 scrolls of identify
 q - a scroll of fog {unknown}
 t - a scroll of enchant weapon {unknown}
Potions
 g - a potion of degeneration {unknown}
 k - a potion of attraction {unknown}
 l - a potion of haste {unknown}
 m - 2 potions of heal wounds {unknown}
 n - a potion of cancellation {unknown}
 o - a potion of ambrosia {unknown}
 p - a potion of curing {unknown}
 s - a potion of mutation {unknown}


   Skills:
 + Level 4.7 Fighting
 + Level 3.8 Maces & Flails
 + Level 4.7 Armour
 + Level 4.6 Shields


You had 4 spell levels left.
You didn't know any spells.
Your spell library was empty.

Dungeon Overview and Level Annotations

Branches:
Dungeon (5/15)
 Temple: D:4-7

Altars:
Kikubaaqudgha

Shops:
D:1 :?[:*   D:2 [


Innate Abilities, Weirdness & Mutations

You have a pair of horns on your head.
You reflexively headbutt those who attack you in melee.


Message History

A malevolent force fills the Dungeon...
You fall into a shaft and drop 2 floors!
The shaft crumbles and collapses.
Found a short sword, 8 stones, a ring mail, an inky potion and 20 gold pieces.
Found a stone staircase leading up.
There is a stone staircase leading down here.
You see here a +0 ring mail.
An orc comes into view. It is wielding a +0 short sword.
Found a tubular pearl ring.
The orc shouts!
You hear a shout! x2
There is a stone staircase leading up here.
You climb upwards.
Found a scroll labelled SOWY ROXZIH, a scroll of identify and a maw talisman.
There is a stone staircase leading down here.
No target in view!
t - a scroll labelled SOWY ROXZIH
h - 6 scrolls of identify (gained 1)
An adder comes into view.
The adder hisses angrily.
Found an ancient bone altar of Kikubaaqudgha.
The teleport trap disappears.
The adder disappears!
Found a stone staircase leading up.
An ogre comes into view. It is wielding a +0 giant spiked club.
There is a stone staircase leading up here.
There is a stone staircase leading up here.
The ogre hits you with a +0 giant spiked club!!
Ouch! That really hurt!
You climb upwards.
There is a stone staircase leading down here.
You aren't carrying any items that you can evoke.
Okay, then.
You feel very mighty all of a sudden.
You thump the ogre! Your headbutt misses the ogre.
The ogre is severely wounded.
The ogre hits you with a +0 giant spiked club!
* * * LOW HITPOINT WARNING * * *
You hit the ogre.
The ogre is almost dead.
The ogre hits you with a +0 giant spiked club!!
You die...

#######.# ###.....#.#
#....##...# #############
#....'..#.####### #...........#
#....#..#........
#...........###..>.#...........
#...........#..................
#...........#..O...#...........
#...........#.@......##+#......
#.........................?....
#..............................
#..........................#+##
#........................###
####...........#.....#...
#....††......##........
#....†.).....# +##+#
###...##...##...


You could see an ogre.

Vanquished Creatures
  A howler monkey (D:3)
  Jessica (D:3)
  4 adders
  A dart slug (D:2)
  4 bats
  6 endoplasms
  2 giant cockroaches (D:1)
  3 goblins (D:1)
  4 hobgoblins
  4 kobolds
  2 quokkas
  5 ball pythons
  A frilled lizard (D:1)
  3 rats
41 creatures vanquished.

Notes
Turn   | Place    | Note
-------+----------+-------------------------------------------
     0 | D:1      | fozzywoppz the Minotaur Fighter began the quest for the
                  | Orb.
     0 | D:1      | Reached XP level 1. HP: 19/19 MP: 0/0
    52 | D:1      | Found Xafe Vua's Book Shoppe.
    52 | D:1      | Noticed a walking frostbound tome
    55 | D:1      | Noticed a walking crystal tome
   137 | D:1      | Found Imetigeh's Magic Scroll Boutique.
   144 | D:1      | Bought a scroll of identify for 20 gold pieces
   231 | D:1      | Reached XP level 2. HP: 25/27 MP: 1/1
   441 | D:1      | Found Eshren's Book Shop.
   441 | D:1      | Found Wuitop's General Store.
   461 | D:1      | Found Jozxihao's Antique Armour Emporium.
   741 | D:2      | Reached XP level 3. HP: 33/33 MP: 2/2
   773 | D:2      | Found Juekus's Antique Armour Shoppe.
  1425 | D:3      | Noticed Jessica
  1433 | D:3      | Killed Jessica
  1434 | D:3      | Reached XP level 4. HP: 25/41 MP: 3/3
  1541 | D:3      | Reached XP level 5. HP: 47/47 MP: 4/4
  1605 | D:3      | You fall into a shaft and drop 2 floors!
  1605 | D:5      | Entered Level 5 of the Dungeon
  1623 | D:4      | Found an ancient bone altar of Kikubaaqudgha.
  1642 | D:4      | Noticed an ogre
  1652 | D:3      | Mangled by an ogre

Illustrated notes

Levels and vault maps discovered:
D:1:      scummos_arrival_forest, layout_loops_ring, serial_shops, shop, shop,
          nicolae_shop_mannequins, nicolae_shop_tiny_real_fake_doors, shop,
          nicolae_concentric_dashed_squares_wild
D:2:      layout_basic, serial_shops, nicolae_shop_gibbet_a_chance
D:3:      layout_basic, corexii_hall_statues_x, minmay_ruptured, uniq_jessica
D:4:      layout_loops_corners, nemelex_dance_club_becter, lemuel_tele_altar
D:5:      minmay_octagon_keep, layout_rooms, temple_pool_b, uniq_sigmund

Skill      XL: |  1  2 |
---------------+-------+-----
Armour         | 4 |  4.7
Maces & Flails | 3 |  3.8
Shields        | 4 |  4.6
Fighting       | 4 |  4.7

Action                     |  1- 3 |  4- 6 || total
---------------------------+-------+-------++-------
  Melee: Flail             |    72 |    20 ||    92
         Headbutt          |     7 |     5 ||    12
    Use: Potion            |       |     1 ||     1
 Armour: Scale mail        |    22 |       ||    22
         Plate armour      |    39 |    20 ||    59
  Dodge: Dodged            |    23 |     7 ||    30
  Block: Buckler           |    12 |     8 ||    20
